 Dungeon Crawl Stone Soup version 0.29.0-4-gdea44cf6ec (webtiles) character file.

Game seed: 4175235444753157968

1973 qw the Cleaver (level 9, -6/69 HPs)
             Began as a Demonspawn Cinder Acolyte on Sept 8, 2022.
             Was a Follower of Ignis.
             Mangled by an ogre
             ... wielding a +0 giant club
              (17 damage)
             ... on level 7 of the Dungeon.
             The game lasted 00:02:22 (6515 turns).

qw the Cleaver (Demonspawn Cinder Acolyte)          Turns: 6515, Time: 00:02:22

Health: -6/69      AC: 26    Str: 19    XL:     9   Next: 0%
Magic:  10/10      EV:  7    Int: 16    God:    Ignis [*.....]
Gold:   374        SH:  0    Dex:  8    Spells: 10/10 levels left

rFire   + . .      SeeInvis .   Y - +2 war axe
rCold   . . .      Faith    .   (no shield)
rNeg    . . .      Spirit   .   s - +0 chain mail
rPois   +          Reflect  .   d - +2 helmet
rElec   .          Harm     .   (no cloak)
rCorr   .          Rampage  .   (no gloves)
Will    .....                   (no boots)
Stlth   ..........              e - amulet of the acrobat
HPRegen 0.21/turn               o - ring of poison resistance
MPRegen 0.24/turn               g - +4 ring of protection

@: fiery-armoured
A: hooves 1, slimy green scales 2, magic regeneration
a: Renounce Religion, Fiery Armour, Foxfire Swarm, Rising Flame


You were on level 7 of the Dungeon.
You worshipped Ignis.
Ignis was aware of your devotion.
You visited 1 branch of the dungeon, and saw 7 of its levels.

You collected 374 gold pieces.


Innate Abilities, Weirdness & Mutations

You have large cloven feet.
You are mostly covered in slimy green scales. (AC +3)
You regenerate magic rapidly.


   Skills:
 - Level 6.1 Fighting
 + Level 9.1 Axes
 - Level 1.3 Throwing
 - Level 3.0 Armour
 - Level 1.1 Dodging
 - Level 1.0 Spellcasting
 - Level 2.6 Fire Magic


You had 10 spell levels left.
You didn't know any spells.
Your spell library contained the following spells:

 Spells                   Type           Power      Damage    Failure   Level
 Scorch                   Fire           18%        2d5       80%         2

Inventory:

Hand Weapons
 c - a -1 hand axe of flaming
 Y - a +2 war axe (weapon)
Missiles
 a - 3 boomerangs (quivered)
Armour
 d - a +2 helmet (worn)
 s - a +0 chain mail (worn)
Jewellery
 e - an amulet of the acrobat (around neck)
 g - a +4 ring of protection (right hand)
 n - a ring of positive energy
 o - a ring of poison resistance (left hand)
Scrolls
 i - a scroll of identify
Potions
 b - a potion of resistance
 h - a potion of haste
 k - a potion of mutation
 l - 4 potions of curing
 r - a potion of might {unknown}

Dungeon Overview and Level Annotations

Branches:
Dungeon (7/15)
 Temple: D:4-7

Altars:
Dithmenos
Nemelex Xobeh
Qazlal
Trog
Yredelemnul

Annotations:
D:3 1 runed translucent door, Crazy Yiuf


Message History

The orc priest invokes the aid of Beogh against you.
Beogh smites you!
You hear a shout!
You hear a shout!
The orc priest hits you but does no damage.
The orc priest is burned by your cloak of flames.
The orc priest is heavily wounded.
You hit the orc priest.
The orc priest is almost dead.
The orc priest barely misses you.
You closely miss the orc priest.
The orc priest is almost dead.
The orc wizard gestures at you while chanting.
The puff of flame hits you but does no damage.
The orc priest mumbles some strange prayers to Beogh against you.
Pain shoots through your body!
You slash the orc priest!
You kill the orc priest!
The ogre shouts!
The orc wizard hits you but does no damage.
The orc wizard is burned by your cloak of flames.
The orc wizard is almost dead.
You closely miss the orc wizard. Your kick misses the orc wizard.
The orc wizard is almost dead.
The orc wizard hits you but does no damage.
The orc wizard is burned by your cloak of flames.
You kill the orc wizard!
You have reached level 9!
Your experience leads to an increase in your attributes!
Increase (S)trength, (I)ntelligence, or (D)exterity?
You feel stronger. x2; Your demonic ancestry asserts itself...
Slimy green scales spread over more of your body.
You start resting.
There are monsters nearby!
Things that are here:
a +0 dagger; a +0 robe You slash the ogre!
You kick the ogre, but do no damage.
The ogre is moderately wounded.
The ogre hits you with a +0 giant club!
You die...

#....####......
#...#..#.......
#..............
#....##........
#.............#
#...$.........#
#...#).......# .
##.....).###....
##.....@......#
##....O.###...
#......#
#.....zg. ##.
###
#........##..
....
#........g...
....
##...........
...#
............
#..# . ....:..
#...#..


You could see an ogre, a wight and 2 gnolls.

Vanquished Creatures
  Grinder (D:5)
  Sigmund (D:5)
  A steam dragon (D:5)
  A water moccasin (D:6)
  An ice beast (D:5)
  3 ogres (D:5)
  A phantom (D:6)
  A necrophage (D:5)
  A bullfrog (D:6)
  A gnoll sergeant (D:7)
  2 scorpions
  A wight (D:7)
  3 jellies
  A gnoll bouda (D:6)
  2 orc priests
  2 iguanas
  Ijyb (D:4)
  4 orc wizards
  14 gnolls
  3 adders
  2 white imps
  5 worms (D:2)
  A dart slug (D:2)
  10 orcs
  5 endoplasms
  4 giant cockroaches
  8 goblins
  7 hobgoblins
  2 jackals (D:1)
  9 ball pythons
  10 bats
  A frilled lizard (D:3)
  4 kobolds
  5 rats
118 creatures vanquished.

Notes
Turn   | Place    | Note
-------+----------+-------------------------------------------
     0 | D:1      | qw the Demonspawn Cinder Acolyte began the quest for the
                  | Orb.
     0 | D:1      | Reached XP level 1. HP: 18/18 MP: 2/2
     0 | D:1      | 0 ||| qw: Version: 0.1-a-112-g44dc6cd
     0 | D:1      | 0 ||| qw: Game counter: 6764
     0 | D:1      | 0 ||| qw: Always use a shield: true
     0 | D:1      | 0 ||| qw: God list: Okawaru
     0 | D:1      | 0 ||| qw: Allow faded altars: false
     0 | D:1      | 0 ||| qw: Do Orc after D:15 true
     0 | D:1      | 0 ||| qw: Do second Lair branch before Depths: true
     0 | D:1      | 0 ||| qw: Lair rune preference: random
     0 | D:1      | 0 ||| qw: Plans: Normal
     0 | D:1      | 0 ||| PLANNING D:1-11
   102 | D:1      | Reached skill level 3 in Axes
   206 | D:1      | Gained mutation: You regenerate magic rapidly. [demonic
                  | ancestry]
   206 | D:1      | Reached XP level 2. HP: 19/24 MP: 3/3
   524 | D:1      | Found a faded altar of an unknown god.
   812 | D:1      | Reached XP level 3. HP: 25/29 MP: 4/4
   989 | D:1      | 989 ||| UPGRADING to +0 ring mail.
   999 | D:1      | 999 ||| DROPPING +0 robe.
  1000 | D:1      | 1000 ||| UPGRADING to +4 ring of protection.
  1001 | D:1      | 1001 ||| READING scroll labelled FUINTAZ DITTOJ.
  1006 | D:1      | 1006 ||| DRINKING 2 blue potions.
  1007 | D:1      | 1007 ||| DROPPING potion of flight.
  1059 | D:2      | 1059 ||| Stepping ~*~*~tactically~*~*~ (stealth).
  1061 | D:2      | 1061 ||| STAIRDANCE
  1152 | D:2      | Reached skill level 4 in Axes
  1172 | D:2      | 1172 ||| INVOKING Fiery Armour.
  1174 | D:2      | 1174 ||| FLEEEEING.
  1175 | D:2      | 1175 ||| FLEEEEING.
  1175 | D:2      | HP: 7/29 [poisoned by an adder]
  1176 | D:2      | 1176 ||| FLEEEEING.
  1198 | D:2      | 1198 ||| FLEEEEING.
  1200 | D:2      | 1200 ||| STAIRDANCE
  1599 | D:2      | 1599 ||| Stepping ~*~*~tactically~*~*~ (stealth).
  1604 | D:2      | 1604 ||| Stepping ~*~*~tactically~*~*~ (stealth).
  1621 | D:2      | 1621 ||| Stepping ~*~*~tactically~*~*~ (stealth).
  1630 | D:2      | 1630 ||| Stepping ~*~*~tactically~*~*~ (stealth).
  1631 | D:2      | 1631 ||| Stepping ~*~*~tactically~*~*~ (stealth).
  1771 | D:2      | Reached XP level 4. HP: 35/35 MP: 5/5
  1950 | D:2      | 1950 ||| UPGRADING to +2 helmet.
  1955 | D:2      | 1955 ||| UPGRADING to amulet of the acrobat.
  1960 | D:2      | 1960 ||| READING 2 scrolls labelled SOPTYXZEAHE.
  1961 | D:2      | 1961 ||| READING 3 scrolls labelled CIDEIM USHI.
  1962 | D:2      | 1962 ||| DRINKING 2 fuming green potions.
  1963 | D:2      | 1963 ||| READING 2 scrolls of identify.
  1963 | D:2      | 1963 ||| IDENTIFYING fuming grey potion
  1964 | D:2      | 1964 ||| DROPPING scroll of fear.
  1965 | D:2      | 1965 ||| DROPPING potion of degeneration.
  2070 | D:3      | 2070 ||| INVOKING Fiery Armour.
  2070 | D:3      | HP: 5/35 [orc wizard/magic dart (10)]
  2073 | D:3      | Reached skill level 5 in Axes
  2508 | D:3      | Found a sparkling altar of Nemelex Xobeh.
  2559 | D:3      | Found a runed translucent door.
  2560 | D:3      | Noticed Crazy Yiuf
  2608 | D:3      | 2608 ||| Stepping ~*~*~tactically~*~*~ (hiding).
  2611 | D:3      | 2611 ||| INVOKING Fiery Armour.
  2617 | D:3      | Reached skill level 1 in Armour
  2617 | D:3      | Reached XP level 5. HP: 38/41 MP: 6/6
  3047 | D:3      | 3047 ||| UPGRADING to ring of positive energy.
  3048 | D:3      | 3048 ||| READING scroll labelled KIRREKOREM.
  3049 | D:3      | 3049 ||| DRINKING 2 glowing emerald potions.
  3084 | D:4      | 3084 ||| INVOKING Fiery Armour.
  3085 | D:4      | 3085 ||| FLEEEEING.
  3086 | D:4      | 3086 ||| FLEEEEING.
  3087 | D:4      | 3087 ||| FLEEEEING.
  3088 | D:4      | 3088 ||| STAIRDANCE
  3363 | D:4      | 3363 ||| INVOKING Fiery Armour.
  3570 | D:4      | Reached skill level 1 in Dodging
  3696 | D:4      | 3696 ||| INVOKING Fiery Armour.
  3704 | D:4      | Reached XP level 6. HP: 43/47 MP: 7/7
  3878 | D:4      | 3878 ||| SWAPPING to +0 war axe.
  3912 | D:4      | Reached skill level 6 in Axes
  4013 | D:4      | 4013 ||| Stepping ~*~*~tactically~*~*~ (stealth).
  4021 | D:4      | Noticed Ijyb
  4022 | D:4      | 4022 ||| FLEEEEING.
  4029 | D:4      | 4029 ||| FLEEEEING.
  4030 | D:4      | 4030 ||| FLEEEEING.
  4031 | D:4      | 4031 ||| FLEEEEING.
  4032 | D:4      | 4032 ||| STAIRDANCE
  4116 | D:3      | 4116 ||| UPGRADING to +0 scale mail.
  4126 | D:3      | 4126 ||| DROPPING +0 ring mail.
  4127 | D:3      | 4127 ||| UPGRADING to ring of poison resistance.
  4129 | D:3      | 4129 ||| UPGRADING to +4 ring of protection.
  4131 | D:3      | 4131 ||| READING scroll labelled PONAHE DESHRUK.
  4132 | D:3      | 4132 ||| READING scroll labelled UGEIXKO TEBA.
  4133 | D:3      | 4133 ||| DRINKING 2 inky potions.
  4134 | D:3      | 4134 ||| READING 3 scrolls of identify.
  4134 | D:3      | 4134 ||| IDENTIFYING silvery potion
  4135 | D:3      | 4135 ||| READING 2 scrolls of identify.
  4135 | D:3      | 4135 ||| IDENTIFYING bubbling inky potion
  4136 | D:3      | 4136 ||| DROPPING potion of ambrosia.
  4304 | D:4      | 4304 ||| Stepping ~*~*~tactically~*~*~ (stealth).
  4385 | D:4      | Found a stormy altar of Qazlal.
  4397 | D:4      | 4397 ||| READING scroll labelled RETUFUO JILISM.
  4398 | D:4      | 4398 ||| READING 2 scrolls of identify.
  4398 | D:4      | 4398 ||| IDENTIFYING smoky green potion
  4419 | D:5      | Entered Level 5 of the Dungeon
  4425 | D:5      | Noticed an ice beast
  4432 | D:5      | Killed an ice beast
  4594 | D:5      | Noticed Grinder
  4604 | D:5      | Gained mutation: You are partially covered in slimy green
                  | scales. (AC +2) [demonic ancestry]
  4604 | D:5      | Reached XP level 7. HP: 49/55 MP: 8/8
  4604 | D:5      | 4604 ||| Stepping ~*~*~tactically~*~*~ (hiding).
  4605 | D:5      | 4605 ||| Stepping ~*~*~tactically~*~*~ (hiding).
  4611 | D:5      | Paralysed by Grinder for 4 turns
  4628 | D:5      | 4628 ||| Stepping ~*~*~tactically~*~*~ (hiding).
  4633 | D:5      | 4633 ||| INVOKING Fiery Armour.
  4635 | D:5      | Killed Grinder
  4636 | D:5      | Reached skill level 7 in Axes
  4755 | D:5      | 4755 ||| FLEEEEING.
  4756 | D:5      | 4756 ||| FLEEEEING.
  4757 | D:5      | 4757 ||| FLEEEEING.
  4758 | D:5      | 4758 ||| FLEEEEING.
  4759 | D:5      | 4759 ||| FLEEEEING.
  4760 | D:5      | 4760 ||| FLEEEEING.
  4764 | D:5      | 4764 ||| FLEEEEING.
  4765 | D:5      | 4765 ||| STAIRDANCE
  4804 | D:4      | 4804 ||| Stepping ~*~*~tactically~*~*~ (stealth).
  4815 | D:4      | Killed Ijyb
  4827 | D:4      | 4827 ||| READING scroll labelled GOOSURPHEITS.
  4833 | D:5      | 4833 ||| STAIRDANCE
  4847 | D:4      | Reached skill level 1 in Throwing
  4989 | D:5      | 4989 ||| STAIRDANCE
  5038 | D:5      | Noticed Sigmund
  5039 | D:5      | 5039 ||| Stepping ~*~*~tactically~*~*~ (stealth).
  5041 | D:5      | 5041 ||| Stepping ~*~*~tactically~*~*~ (hiding).
  5050 | D:5      | Killed Sigmund
  5051 | D:5      | Gained mutation: You have large cloven feet. [demonic
                  | ancestry]
  5051 | D:5      | Reached XP level 8. HP: 43/61 MP: 9/9
  5171 | D:5      | 5171 ||| INVOKING Fiery Armour.
  5172 | D:5      | 5172 ||| Stepping ~*~*~tactically~*~*~ (hiding).
  5174 | D:5      | 5174 ||| Stepping ~*~*~tactically~*~*~ (hiding).
  5177 | D:5      | Reached skill level 8 in Axes
  5298 | D:5      | 5298 ||| Stepping ~*~*~tactically~*~*~ (stealth).
  5300 | D:5      | 5300 ||| INVOKING Fiery Armour.
  5403 | D:5      | 5403 ||| Stepping ~*~*~tactically~*~*~ (hiding).
  5404 | D:5      | 5404 ||| Stepping ~*~*~tactically~*~*~ (hiding).
  5722 | D:5      | 5722 ||| READING scroll labelled FYCOJERUAD.
  5723 | D:5      | 5723 ||| READING scroll labelled GOOSAN WUDO.
  5724 | D:5      | 5724 ||| READING 2 scrolls of identify.
  5724 | D:5      | 5724 ||| IDENTIFYING fuming white potion
  5725 | D:5      | 5725 ||| DROPPING potion of lignification.
  5749 | D:6      | 5749 ||| Stepping ~*~*~tactically~*~*~ (stealth).
  5751 | D:6      | 5751 ||| Stepping ~*~*~tactically~*~*~ (hiding).
  5757 | D:6      | Found a shadowy altar of Dithmenos.
  5764 | D:6      | 5764 ||| INVOKING Fiery Armour.
  5766 | D:6      | 5766 ||| Stepping ~*~*~tactically~*~*~ (hiding).
  6064 | D:6      | Reached skill level 9 in Axes
  6108 | D:6      | 6108 ||| READING scroll of enchant weapon.
  6108 | D:6      | 6108 ||| ENCHANTING +1 war axe.
  6317 | D:6      | Found a basalt altar of Yredelemnul.
  6320 | D:6      | Found a bloodstained altar of Trog.
  6372 | D:6      | 6372 ||| UPGRADING to +0 chain mail.
  6382 | D:6      | 6382 ||| DROPPING +0 scale mail.
  6383 | D:6      | 6383 ||| READING scroll labelled OMIL NUELIXE.
  6384 | D:6      | 6384 ||| READING 2 scrolls of identify.
  6384 | D:6      | 6384 ||| IDENTIFYING grey potion
  6385 | D:6      | 6385 ||| DROPPING potion of attraction.
  6434 | D:7      | 6434 ||| STAIRDANCE
  6462 | D:7      | 6462 ||| INVOKING Fiery Armour.
  6467 | D:7      | Reached skill level 3 in Armour
  6470 | D:7      | HP: 11/64 [orc priest/divine providence (13)]
  6471 | D:7      | Reached skill level 6 in Fighting
  6471 | D:7      | 6471 ||| READING scroll of teleportation.
  6472 | D:7      | 6472 ||| DRINKING potion of heal wounds.
  6504 | D:7      | HP: 10/64 [orc priest/divine providence (10)]
  6512 | D:7      | Gained mutation: You are mostly covered in slimy green
                  | scales. (AC +3) [demonic ancestry]
  6512 | D:7      | Reached XP level 9. HP: 10/69 MP: 10/10
  6515 | D:7      | Mangled by an ogre

Levels and vault maps discovered:
D:1:      wheals_arrival_linesprint, layout_basic,
          shapermc_ecumenical_altar_pompeii, minmay_crystal_water
D:2:      layout_rooms, minmay_tromino_v4_a
D:3:      layout_loops_ring, marbit_many_paths, uniq_crazy_yiuf_cottage
D:4:      layout_loops_ring, lemuel_doored_altar, grunt_decor_cap, uniq_ijyb
D:5:      layout_cave_pools, serial_glass, glass_columns_b, glass_columns_a,
          uniq_sigmund, uniq_grinder
D:6:      layout_rooms, nicolae_dithmenos_the_darkroom,
          mainiacjoe_overflow_catwalk_spiral, nrook_loot_triangle
D:7:      layout_cave_pools, nicolae_hepliaklqana_hippocampus,
          minmay_temple_entry_slanted, gammafunk_ghost_berserking_beasts,
          nicolae_shop_sticking_my_neck_out, uniq_duvessa

Skill      XL: |  1  2  3  4  5  6  7  8 |
---------------+-------------------------+-----
Axes           | 3 4 5 6 7 9 |  9.1
Armour         | 1 3 |  3.0
Dodging        | 1 |  1.1
Fighting       | 4 6 |  6.1
Throwing       | 1 |  1.3
Spellcasting   | |  1.0
Fire Magic     | |  2.6

Action                   |  1- 3 |  4- 6 |  7- 9 || total
-------------------------+-------+-------+-------++-------
Melee: Hand axe          |   134 |   101 |       ||   235
       War axe           |       |    20 |   129 ||   149
       Punch             |       |       |     3 ||     3
       Kick              |       |       |    24 ||    24
Throw: Boomerang         |       |    30 |    18 ||    48
Invok: Fiery Armour      |     1 |     5 |     5 ||    11
  Use: Scroll            |     1 |    10 |     8 ||    19
       Potion            |     1 |     3 |     1 ||     5
Armor: Robe              |    11 |       |       ||    11
       Ring mail         |    32 |    79 |       ||   111
       Scale mail        |       |     7 |    72 ||    79
       Chain mail        |       |       |    37 ||    37
Dodge: Dodged            |    64 |    52 |    66 ||   182

Table legend:
 A = Non-vault XP
 B = Vault XP
 C = Vault XP percentage of total XP
 D = Non-vault monster count
 E = Vault monster count
 F = Vault count percentage of total count
                 A         B        C        D         E       F
            +---------+---------+-------+---------+---------+-------
      Total |    2273 |     546 |  19.4 |     111 |       7 |   5.9
            +---------+---------+-------+---------+---------+-------
        D:1 |      41 |       0 |   0.0 |      26 |       0 |   0.0
        D:2 |      71 |       9 |  11.2 |      20 |       3 |  13.0
        D:3 |     113 |       1 |   0.9 |      16 |       1 |   5.9
        D:4 |     321 |      36 |  10.1 |      20 |       1 |   4.8
        D:5 |     923 |     500 |  35.1 |      11 |       2 |  15.4
        D:6 |     518 |       0 |   0.0 |      12 |       0 |   0.0
        D:7 |     286 |       0 |   0.0 |       6 |       0 |   0.0
            +---------+---------+-------+---------+---------+-------
